 Dungeon Crawl Stone Soup version 0.29.1-15-g9cfb28693d (webtiles) character file.

Game seed: 2541362595101275979

82 leetdood the Covered (level 4, -1/40 HPs)
             Began as a Minotaur Fighter on Mar 14, 2023.
             Slain by a gnoll
             ... wielding a +0 flail
              (9 damage)
             ... on level 3 of the Dungeon.
             The game lasted 00:05:20 (2098 turns).

leetdood the Covered (Minotaur Fighter)             Turns: 2098, Time: 00:05:21

Health: -1/40      AC: 10    Str: 23    XL:     4   Next: 21%
Magic:  3/3        EV:  7    Int: 11    God:
Gold:   187        SH:  9    Dex:  9    Spells: 3/3 levels left

rFire   . . .      SeeInvis .   a - +0 war axe
rCold   + . .      Faith    .   c - +0 buckler
rNeg    . . .      Spirit   .   f - +0 chain mail
rPois   .          Reflect  +   (helmet restricted)
rElec   .          Harm     .   (no cloak)
rCorr   .          Rampage  .   (no gloves)
Will    .....                   m - +0 pair of boots
Stlth   ..........              b - amulet of reflection
HPRegen 0.13/turn               j - ring of Xicater {Wiz rC+}
MPRegen 0.08/turn               n - +6 ring of intelligence

@: mighty
A: horns 2, retaliatory headbutt
a: no special abilities


You were on level 3 of the Dungeon.
You visited 1 branch of the dungeon, and saw 3 of its levels.

You collected 187 gold pieces.

Inventory:

Hand Weapons
 a - a +0 war axe (weapon)
Armour
 c - a +0 buckler (worn)
 f - a +0 chain mail (worn)
 m - a +0 pair of boots (worn)
 q - a +0 kite shield
Jewellery
 b - an amulet of reflection (around neck)
 j - the ring of Xicater (left hand) {Wiz rC+}
   (You found it on level 2 of the Dungeon)

   [ring of wizardry]

   It improves your spell success rate.
   rC:        It protects you from cold.
 n - a +6 ring of intelligence (right hand)
Wands
 k - a wand of flame (26)
Scrolls
 e - 4 scrolls of teleportation
 g - 2 scrolls of identify
 i - a scroll of butterflies
 l - a scroll of amnesia {unknown}
 o - a scroll of vulnerability {unknown}
Potions
 d - a potion of might
 h - 3 potions of lignification
 p - a potion of ambrosia {unknown}


   Skills:
 + Level 4.2 Fighting
 * Level 3.9 Axes
 + Level 4.3 Armour
 + Level 4.2 Shields


You had 3 spell levels left.
You didn't know any spells.
Your spell library was empty.

Dungeon Overview and Level Annotations

Branches:
Dungeon (3/15)

Altars:


Innate Abilities, Weirdness & Mutations

You have a pair of horns on your head.
You reflexively headbutt those who attack you in melee.


Message History

You kill the rat!
A gnoll comes into view. It is wielding a +0 flail.
The gnoll shouts! 2 gnolls come into view.
The gnoll shouts! x2
You block the gnoll's attack.
You hit the gnoll.
The gnoll is lightly wounded.
You block the gnoll's attack.
A kobold comes into view. It is wielding a +0 short sword.
The gnoll hits you with a +0 flail.
The gnoll hits you from afar with a +0 halberd.
You closely miss the gnoll.
The gnoll is lightly wounded.
The gnoll hits you with a +0 flail! You block the gnoll's attack.
The kobold shouts!
You hit the gnoll.
The gnoll is moderately wounded.
You block the gnoll's attack.
The gnoll hits you from afar with a +0 halberd.
You are too injured to fight recklessly!
Things that are here:
a +0 hand axe; a +0 whip; an orc corpse You are too injured to fight recklessly!
You closely miss the gnoll. You headbutt the gnoll.
The gnoll is heavily wounded.
The gnoll closely misses you. The gnoll hits you with a +0 flail.
You feel very mighty all of a sudden. The gnoll hits you but does no damage.
You barely miss the gnoll.
The gnoll is heavily wounded.
You block the gnoll's attack.
You closely miss the gnoll.
The gnoll is heavily wounded.
The gnoll hits you with a +0 flail!
* * * LOW HITPOINT WARNING * * *
You barely miss the gnoll.
The gnoll is heavily wounded.
The gnoll hits you with a +0 flail!
You die...

...## ...
... ...
#.# #.#
#†# #@#
#g#
##g#######
#.gK......
#.........
#.........
#.......K.
#.........
#.........


You could see 3 gnolls and a kobold.

Vanquished Creatures
  A gnoll (D:3)
  2 adders (D:2)
  A worm (D:2)
  2 dart slugs
  An orc (D:3)
  An endoplasm (D:1)
  3 giant cockroaches
  4 goblins
  8 hobgoblins
  2 jackals (D:2)
  2 quokkas
  5 ball pythons
  4 bats (D:1)
  2 frilled lizards (D:1)
  3 kobolds
  5 rats
46 creatures vanquished.

Notes
Turn   | Place    | Note
-------+----------+-------------------------------------------
     0 | D:1      | leetdood the Minotaur Fighter began the quest for the Orb.
     0 | D:1      | Reached XP level 1. HP: 19/19 MP: 0/0
    51 | D:1      | Found a faded altar of an unknown god.
   166 | D:1      | Reached XP level 2. HP: 18/27 MP: 1/1
   930 | D:2      | Reached XP level 3. HP: 11/33 MP: 2/2
  1208 | D:2      | Identified the ring of Xicater {Wiz rC+}
  1977 | D:3      | Reached XP level 4. HP: 36/40 MP: 3/3
  2098 | D:3      | Slain by a gnoll

Illustrated notes

Levels and vault maps discovered:
D:1:      giann_bridges, layout_loops_ring, hellmonk_ecumenical_altar_lost_god
D:2:      layout_basic
D:3:      layout_basic, nicolae_hepliaklqana_hazy_memory,
          grunt_temple_overflow_open, ebering_ghost_sewer_d, uniq_terence

Skill      XL: |  1  2 |
---------------+-------+-----
Axes           | 3 |  3.9
Armour         | 4 |  4.3
Fighting       | 4 |  4.2
Shields        | 4 |  4.2

Action                   |  1- 3 |  4- 6 || total
-------------------------+-------+-------++-------
Melee: War axe           |   124 |    18 ||   142
       Headbutt          |    16 |     1 ||    17
  Use: Scroll            |     3 |       ||     3
       Potion            |       |     1 ||     1
Armor: Chain mail        |    73 |     4 ||    77
Dodge: Dodged            |    23 |     1 ||    24
Block: Buckler           |    52 |    11 ||    63
       Reflection        |     1 |       ||     1
